 Dungeon Crawl Stone Soup version 0.31-a0-626-g8143ab4f1d (webtiles) character file.

Game seed: 8223371100221003233

72 thirtiethelement the Insei (level 4, -3/32 HPs)
             Began as a Demonspawn Shapeshifter on Aug 25, 2023.
             Killed from afar by Sigmund (9 damage)
             ... with a puff of flame
             ... on level 3 of the Dungeon.
             The game lasted 00:05:42 (1817 turns).

thirtiethelement the Insei (DsSh)                   Turns: 1817, Time: 00:05:43

Health: -3/32      AC:  0    Str: 15    XL:     4   Next: 7%
Magic:  4/4        EV: 14    Int: 10    God:
Gold:   41         SH:  0    Dex: 15    Spells: 3/3 levels left

rFire   . . .        a - melded +0 dagger
rCold   . . .        (shield currently unavailable)
rNeg    . . .        p - melded +3 ring mail "Qyavevot" {rC+ rCorr Dex+3 SInv}
rPois   .            (helmet currently unavailable)
rElec   .            (cloak currently unavailable)
rCorr   .            (gloves currently unavailable)
SInv    .            (boots currently unavailable)
Will    .....        (no amulet)
Stlth   ++           (ring currently unavailable)
HPRegen 0.25/turn    (ring currently unavailable)
MPRegen 0.09/turn

%: no passive effects
@: pig-form (expiring), very quick
A: fast, no casting, small, (horns 1), icemail 1, condensation shield
a: no special abilities


You were on level 3 of the Dungeon.
You were a filthy swine.
You visited 1 branch of the dungeon, and saw 3 of its levels.

You collected 41 gold pieces.

Inventory:

Hand Weapons
 a - a +0 dagger (melded)
Missiles
 l - 2 boomerangs (quivered)
Armour
 p - the +3 ring mail "Qyavevot" (melded) {rC+ rCorr Dex+3 SInv}
   (You found it on level 2 of the Dungeon)

   Dex+3:     It affects your dexterity (+3).
   rC+:       It protects you from cold.
   SInv:      It lets you see invisible.
   rCorr:     It protects you from acid and corrosion.
Talismans
 c - a beast talisman
 d - a flux talisman
 h - a storm talisman
Scrolls
 e - 2 scrolls of poison
 f - a scroll of torment
 g - a scroll of blinking {unknown}
 k - a scroll of immolation {unknown}
 o - a scroll of revelation {unknown}
Potions
 b - a potion of lignification
 i - 2 potions of attraction
 m - a potion of curing
 n - a potion of resistance {unknown}


   Skills:
 + Level 1.1 Fighting
 + Level 0.9 Short Blades
 + Level 1.0 Armour
 + Level 2.1 Dodging
 + Level 0.4 Stealth
 + Level 3.4 Unarmed Combat
 + Level 3.0 Shapeshifting


You had 3 spell levels left.
You didn't know any spells.
Your spell library contained the following spells:

 Spells                   Type           Power      Damage    Failure   Level
 Freeze                   Ice            0%         1d3       36%         1
 Sublimation of Blood     Necr           0%         N/A       50%         2
 Wereblood                Tmut           0%         N/A       50%         2
 Frozen Ramparts          Ice            0%         1d1       75%         3
 Hailstorm                Conj/Ice       0%         3d3       75%         3
 Summon Hydra             Summ           0%         N/A       100%        7


Dungeon Overview and Level Annotations

Branches:
Dungeon (3/15)

Altars:
Sif Muna

Shops:
D:2 (   D:3 (

Annotations:
D:3 Sigmund


Innate Abilities, Weirdness & Mutations

You are a filthy swine.
You move quickly.
Your equipment is almost entirely melded.
You are incapable of wielding weapons or throwing items.
You cannot cast spells.
((You have a pair of small horns on your head.))
A meltable icy envelope protects you from harm. (AC +0)
A meltable shield of frost defends you. (SH +0)


Message History

Sigmund points at you and mumbles some strange words.
The puff of flame misses you.
You feel sick.
You feel sick.
You feel sick.
The kobold throws a poisoned dart.
The poisoned dart hits you!
You are more poisoned.
You feel very sick.
You feel sick.
The kobold throws a poisoned dart.
The poisoned dart closely misses you.
Sigmund gestures wildly while chanting.
Sigmund flickers and vanishes!
Deactivating autopickup; reactivate with Ctrl-A.
You feel sick.
You feel sick.
You feel sick.
You feel sick.
You feel sick.
Something tries to affect you, but you resist.
You feel sick.
You feel sick.
You are no longer poisoned.
You are confused.
Your transformation is almost over.
You nearly stumble into some deep water!
The kobold throws a poisoned dart.
The poisoned dart closely misses you.
You nearly stumble into some deep water!
You hear some strange, mumbled words.
A magic dart appears from out of thin air!
The magic dart hits you.
* * * LOW HITPOINT WARNING * * *
The kobold throws a poisoned dart.
The poisoned dart barely misses you.
You nearly stumble into some deep water!
Something barely misses you.
You nearly stumble into some deep water!
You feel less confused.
You hear some strange, mumbled words.
A puff of flame appears from out of thin air!
The puff of flame hits you!
Your icy defences dissipate!
You die...

##############
#.......h....#
#........≈≈..#
#.....{.≈∩≈..#
#.......≈≈≈..#
######....####K.###
####.........# ..#
........#....# ..#
##.######....# ...
.....# #....# ....


You could see a kobold.

Vanquished Creatures
  3 adders
  A worm (D:2)
  2 dart slugs (D:2)
  4 endoplasms
  4 giant cockroaches (D:1)
  A goblin (D:1)
  5 hobgoblins
  4 bats
  4 frilled lizards
  5 kobolds
  7 rats
40 creatures vanquished.

Notes
Turn   | Place    | Note
-------+----------+-------------------------------------------
     0 | D:1      | thirtiethelement the Demonspawn Shapeshifter began the
                  | quest for the Orb.
     0 | D:1      | Reached XP level 1. HP: 15/15 MP: 1/1
   254 | D:1      | Gained mutation: You have a pair of small horns on your
                  | head. [demonic ancestry]
   254 | D:1      | Reached XP level 2. HP: 21/21 MP: 2/2
   887 | D:2      | Found a faded altar of an unknown god.
  1004 | D:2      | Gained mutation: A meltable shield of frost defends you.
                  | (SH +0) [demonic ancestry]
  1004 | D:2      | Reached XP level 3. HP: 26/26 MP: 3/3
  1129 | D:2      | Found a shimmering blue altar of Sif Muna.
  1381 | D:2      | Identified the +3 ring mail "Qyavevot" {rC+ rCorr Dex+3
                  | SInv}
  1501 | D:2      | Found Daxes's Weapon Boutique.
  1722 | D:3      | Reached skill level 1 in Armour
  1726 | D:3      | Noticed Sigmund
  1778 | D:3      | Gained mutation: A meltable icy envelope protects you from
                  | harm. (AC +0) [demonic ancestry]
  1778 | D:3      | Reached XP level 4. HP: 32/32 MP: 4/4
  1785 | D:3      | Found Rebuph's Weapon Boutique.
  1817 | D:3      | Killed from afar by Sigmund

Illustrated notes

Levels and vault maps discovered:
D:1:      nagdon_arrival_double_spiral, layout_loops_ring,
          nicolae_kite_square_tiling_tiny, nicolae_eternal_life, st_stairs_6
D:2:      layout_loops_ring, serial_shops, nicolae_lakefront_shop,
          shapermc_ecumenical_altar_pompeii, basic_altar
D:3:      layout_rooms, mainiacjoe_overflow_brackets, serial_shops,
          nicolae_shop_tiny_waterfront, uniq_sigmund

Skill      XL: |  1  2  3 |
---------------+----------+-----
Unarmed Combat | 3 |  3.4
Shapeshifting  | 3 |  3.0
Armour         | 1 |  1.0
Dodging        | 2 |  2.1
Fighting       | |  1.1
Short Blades   | |  0.9
Stealth        | |  0.4

Action                     |  1- 3 |  4- 6 || total
---------------------------+-------+-------++-------
  Melee: Unarmed           |    21 |       ||    21
         Punch             |     2 |       ||     2
         Dagger            |    73 |       ||    73
         Headbutt          |    16 |       ||    16
  Throw: Boomerang         |     2 |     3 ||     5
    Use: Scroll            |     6 |     1 ||     7
   Stab: Sleeping          |     1 |       ||     1
 Armour: Animal skin       |     2 |       ||     2
         Leather armour    |    12 |       ||    12
         Ring mail         |     6 |     1 ||     7
  Dodge: Dodged            |    40 |     7 ||    47
  Block: Other             |     8 |       ||     8

Table legend: (Time is in decaauts)
 A = Elapsed time spent in this place.
 B = Non-inter-level travel time spent in this place.
 C = Inter-level travel time spent in this place.
 D = Time resting spent in this place.
 E = Time spent auto-exploring this place.
 F = Levels seen in this place.
 G = Mean time per level.
                   A        B        C        D        E       F      G
               +--------+--------+--------+--------+--------+-----+--------+
         Total |   1814 |   1755 |     59 |     54 |   1284 |   3 |  604.7 |
       Dungeon |   1814 |   1755 |     59 |     54 |   1284 |   3 |  604.7 |
               +--------+--------+--------+--------+--------+-----+--------+

Top non-repeatable levels by time:
     D:1: 876 daAuts
     D:2: 866 daAuts
     D:3: 71 daAuts
